 Dungeon Crawl Stone Soup version 0.26-a0-651-gb41185065b (webtiles) character file.

Game seed: 13153938577231155908

347 flyleaff the Conjurer (level 6, -6/32 HPs)
             Began as a Tengu Conjurer on Sept 30, 2020.
             Was a Follower of Sif Muna.
             Mangled by an iguana (10 damage)
             ... on level 5 of the Dungeon.
             The game lasted 00:13:04 (3927 turns).

flyleaff the Conjurer (Tengu Conjurer)              Turns: 3927, Time: 00:13:05

Health: -6/32      AC:  5    Str:  7    XL:     6   Next: 59%
Magic:  21/22      EV: 13    Int: 20    God:    Sif Muna [*.....]
Gold:   119        SH:  8    Dex: 13    Spells: 6/13 levels left

rFire    + + .     SeeInvis .   o - +4 falchion
rCold    + + .     Faith    .   u - +2 shield of Resistance {rF++ rC++ MR++}
rNeg     . . .     Spirit   .   a - +0 robe
rPois    +         Reflect  .   (helmet restricted)
rElec    .         Harm     .   q - +2 cloak {Stlth+}
rCorr    .         Rampage  .   (no gloves)
MR       ++...                  (boots unavailable)
Stlth    ++........             (no amulet)
HPRegen  0.10/turn              j - ring of poison resistance
MPRegen  0.18/turn              t - ring of magical power

@: flying quickly and evasively, quick
A: beak, talons 3, able to fly
a: Stop Flying, Channel Magic, Renounce Religion


You were on level 5 of the Dungeon.
You worshipped Sif Muna.
Sif Muna was aware of your devotion.
You visited 1 branch of the dungeon, and saw 5 of its levels.

You collected 119 gold pieces.

Inventory:

Hand Weapons
 c - a +0 spear
 e - a +0 dagger of venom
 k - a +0 dagger of electrocution
 o - a +4 falchion (weapon)
 p - a +2 quarterstaff of chaos
Missiles
 n - 16 poisoned darts (quivered)
Armour
 a - a +0 robe (worn)
 q - a +2 cloak of stealth (worn)
 u - the +2 shield of Resistance (worn) {rF++ rC++ MR++}
   (You found it on level 4 of the Dungeon)

   It greatly protects you from fire.
   It greatly protects you from cold.
   It affects your resistance to hostile enchantments.
Jewellery
 j - a ring of poison resistance (left hand)
 s - an uncursed ring of ice
 t - a ring of magical power (right hand)
Wands
 l - a wand of flame (36)
 w - a wand of iceblast (7)
Scrolls
 d - 6 scrolls of identify {unknown}
 h - a scroll of magic mapping {unknown}
Potions
 b - a potion of brilliance {unknown}
 f - 2 potions of haste {unknown}
 g - a potion of curing {unknown}
 i - a potion of lignification {unknown}
 m - a potion of ambrosia {unknown}
 r - a potion of degeneration {unknown}
 v - a potion of cancellation {unknown}


   Skills:
 - Level 1.0 Armour
 - Level 3.9 Dodging
 - Level 2.0 Stealth
 + Level 1.0 Shields
 - Level 4.4 Spellcasting
 - Level 6.7 Conjurations


You had 6 spell levels left.
You knew the following spells:

 Your Spells              Type           Power        Failure   Level
a - Magic Dart            Conj           ####         4%          1
b - Searing Ray           Conj           ####..       8%          2
c - Iskenderun's Mystic   Conj/Tloc      ###.....     88%         4

Your spell library contained the following spells:

 Spells                   Type           Power        Failure   Level
 Dazzling Flash           Conj/Hex       ###...       50%         3
 Fulminant Prism          Conj/Hex       ###.......   88%         4


Dungeon Overview and Level Annotations

Branches:
Dungeon (5/15)
 Temple: D:4-7

Altars:
Fedhas
Nemelex Xobeh
Sif Muna


Innate Abilities, Weirdness & Mutations

You have a beak for a mouth.
You have claws for feet.
You can fly continuously.


Message History

You hit the bullfrog skeleton. You claw the bullfrog skeleton.
The bullfrog skeleton is heavily damaged.
The bullfrog skeleton hits you but does no damage.
The bullfrog skeleton hits you.
You hit the bullfrog skeleton.
The bullfrog skeleton is severely damaged.
The bullfrog skeleton hits you.
The bullfrog skeleton hits you but does no damage.
You hit the bullfrog skeleton. Your kick misses the bullfrog skeleton.
The bullfrog skeleton is almost destroyed.
The bullfrog skeleton hits you. x2; The iguana misses you.
You hit the bullfrog skeleton.
You destroy the bullfrog skeleton!
Sif Muna accepts your kill.
Your Shields skill increases to level 1!
You block the iguana's attack.
You barely miss the iguana. Your peck misses the iguana. The iguana bites you!
* * * LOW HITPOINT WARNING * * *
The iguana bites you!
You die...

### #..
##.####
..... #..#
#@.#
#...l.....#
##.#...!....
#..#.#..###
. . ......
...# #.#.#..
.# .. ...
.?. #. #.#
#.#.#.#


You could see an iguana.

Vanquished Creatures
  Crazy Yiuf (D:4)
  An orc priest (D:4)
  A bullfrog skeleton (D:5)
  3 orc wizards
  A worker ant (D:4)
  7 adders
  An ooze (D:3)
  An adder skeleton (D:4)
  2 dart slugs
  3 leopard geckos
  8 orcs
  2 giant cockroaches
  5 goblins
  5 hobgoblins
  7 jackals
  3 quokkas
  A ball python (D:1)
  12 bats
  4 frilled lizards
  3 kobolds
  8 rats
79 creatures vanquished.

Notes
Turn   | Place    | Note
-------+----------+-------------------------------------------
     0 | D:1      | flyleaff the Tengu Conjurer began the quest for the Orb.
     0 | D:1      | Reached XP level 1. HP: 10/10 MP: 4/4
   361 | D:1      | Reached XP level 2. HP: 15/15 MP: 4/6
   365 | D:1      | Learned a level 2 spell: Searing Ray
  1227 | D:2      | Found a sparkling altar of Nemelex Xobeh.
  1343 | D:2      | Reached XP level 3. HP: 19/19 MP: 5/8
  1442 | D:2      | Found a shimmering blue altar of Sif Muna.
  1448 | D:2      | Became a worshipper of Sif Muna the Loreminder
  1932 | D:3      | Reached XP level 4. HP: 21/24 MP: 6/9
  2156 | D:3      | Reached skill level 6 in Conjurations
  2238 | D:3      | Found a blossoming altar of Fedhas.
  2249 | D:3      | Gained mutation: You can fly continuously. [Tengu growth]
  2249 | D:3      | Reached XP level 5. HP: 28/28 MP: 4/11
  2838 | D:4      | Reached * piety under Sif Muna
  3112 | D:4      | Found a runed translucent door.
  3118 | D:4      | Learned a level 4 spell: Iskenderun's Mystic Blast
  3118 | D:4      | Noticed Crazy Yiuf
  3125 | D:4      | Killed Crazy Yiuf
  3339 | D:4      | Reached XP level 6. HP: 32/32 MP: 11/13
  3779 | D:4      | Found the +2 shield of Resistance {rF++ rC++ MR++}
  3890 | D:4      | Reached skill level 1 in Armour
  3919 | D:5      | Entered Level 5 of the Dungeon
  3926 | D:5      | Reached skill level 1 in Shields
  3927 | D:5      | Mangled by an iguana

Illustrated notes

Levels and vault maps discovered:
D:1:      minmay_arrival_shattered_statue, layout_loops_corners
D:2:      layout_basic, lemuel_round_altar, lemuel_round_altar
D:3:      layout_rooms, fedhas_altar_1
D:4:      layout_basic, uniq_crazy_yiuf_cottage
D:5:      layout_loops_corners, minmay_temple_entry_gardened_gates,
          serial_glass, glass_columns_c, glass_columns_a, serial_shops, shop

Skill      XL: |  1  2  3  4  5  6 |
---------------+-------------------+-----
Spellcasting   | 3 4 |  4.4
Dodging        | 3 |  3.9
Conjurations   | 6 |  6.7
Armour         | 1 |  1.0
Shields        | 1 |  1.0
Stealth        | |  2.0

Action                   |  1- 3 |  4- 6 || total
-------------------------+-------+-------++-------
Melee: Spear             |     7 |     1 ||     8
       Peck              |     1 |       ||     1
       Quarterstaff      |       |     2 ||     2
       Falchion          |       |     8 ||     8
       Kick              |       |     2 ||     2
Throw: Dart              |       |     1 ||     1
 Cast: Magic Dart        |    65 |    62 ||   127
       Searing Ray       |     1 |    15 ||    16
 Abil: Fly               |       |     1 ||     1
  Use: Scroll            |       |     4 ||     4
 Stab: Sleeping          |     2 |       ||     2
Armor: Robe              |     2 |     5 ||     7
Dodge: Dodged            |     4 |     8 ||    12
Block: Kite shield       |       |     2 ||     2
       Rpst.: Falchion   |       |     1 ||     1

Table legend: (Time is in decaauts)
 A = Elapsed time spent in this place.
 B = Non-inter-level travel time spent in this place.
 C = Inter-level travel time spent in this place.
 D = Time resting spent in this place.
 E = Time spent auto-exploring this place.
 F = Levels seen in this place.
 G = Mean time per level.
                   A        B        C        D        E       F      G
               +--------+--------+--------+--------+--------+-----+--------+
         Total |   3851 |   3810 |     41 |    330 |   3073 |   5 |  770.2 |
       Dungeon |   3851 |   3810 |     41 |    330 |   3073 |   5 |  770.2 |
               +--------+--------+--------+--------+--------+-----+--------+

Top non-repeatable levels by time:
     D:1: 1182 daAuts
     D:4: 1072 daAuts
     D:3: 929 daAuts
     D:2: 658 daAuts
     D:5: 9 daAuts
